 Dungeon Crawl Stone Soup version 0.30-a0-610-gb513c0a51f (webtiles) character file.

Game seed: 5964804174296408527

315 Citaku the Covered (level 6, -2/53 HPs)
             Began as a Minotaur Fighter on Jan 8, 2023.
             Slain by an orc priest
             ... wielding a +0 trident
              (4 damage)
             ... on level 4 of the Dungeon.
             The game lasted 00:04:06 (2167 turns).

Citaku the Covered (Minotaur Fighter)               Turns: 2167, Time: 00:04:06

Health: -2/53      AC: 13    Str: 27    XL:     6   Next: 19%
Magic:  5/5        EV:  7    Int:  5    God:
Gold:   133        SH:  5    Dex: 11    Spells: 5/5 levels left

rFire   . . .      SeeInvis .    a - +0 war axe
rCold   . . .      Faith    .    c - +0 buckler
rNeg    . . .      Spirit   .    n - +0 plate armour
rPois   .          Reflect  .    (helmet restricted)
rElec   .          Harm     .    (no cloak)
rCorr   .          Rampage  .    j - +0 pair of gloves
Will    .....                    (no boots) Stlth
                                 g - amulet of regeneration
HPRegen 1.08/turn                l - +6 ring of strength
MPRegen 0.09/turn                (no ring)

@: mighty
A: horns 2, retaliatory headbutt
a: no special abilities


You were on level 4 of the Dungeon.
You visited 1 branch of the dungeon, and saw 4 of its levels.

You collected 133 gold pieces.

Inventory:

Hand Weapons
 a - a +0 war axe (weapon)
Armour
 c - a +0 buckler (worn)
 j - a +0 pair of gloves (worn)
 n - a +0 plate armour (worn)
Jewellery
 g - an amulet of regeneration (around neck)
 l - a +6 ring of strength (left hand)
Scrolls
 b - a scroll of enchant armour {unknown}
 e - a scroll of fog {unknown}
 f - 4 scrolls of identify {unknown}
 i - a scroll of enchant weapon {unknown}
 k - a scroll of acquirement {unknown}
 o - a scroll of blinking {unknown}
 p - 2 scrolls of magic mapping {unknown}
 q - a scroll of fear {unknown}
 s - a scroll of teleportation {unknown}
 t - 2 scrolls of torment {unknown}
 u - 2 scrolls of poison {unknown}
 v - a scroll of immolation {unknown}
Potions
 d - 2 potions of might
 h - 3 potions of magic {unknown}
 m - 4 potions of curing {unknown}
 r - a potion of ambrosia {unknown}


   Skills:
 + Level 4.6 Fighting
 * Level 5.0 Axes
 * Level 5.7 Armour
 + Level 4.7 Shields


You had 5 spell levels left.
You didn't know any spells.
Your spell library contained the following spells:

 Spells                   Type           Power      Damage    Failure   Level
 Gell's Gravitas          Tloc           0%         N/A       100%        3
 Lesser Beckoning         Tloc           0%         N/A       100%        3
 Teleport Other           Tloc           0%         N/A       100%        3


Dungeon Overview and Level Annotations

Branches:
Dungeon (4/15)
 Temple: D:4-7

Altars:
The Shining One

Shops:
D:1 *   D:3 :


Innate Abilities, Weirdness & Mutations

You have a pair of horns on your head.
You reflexively headbutt those who attack you in melee.


Message History

The orc hits you from afar with a +0 trident.
* * * LOW HITPOINT WARNING * * *
You slash the giant cockroach!
You kill the giant cockroach!
You barely miss the orc priest. You slash the iguana!
The iguana barely misses you. You furiously retaliate!
You headbutt the iguana.
You kill the iguana!
The orc hits you but does no damage.
The orc priest hits you but does no damage.
The orc priest hits you with a +0 short sword.
* * * LOW HITPOINT WARNING * * *
Your Axes skill increases to level 5!
You barely miss the orc priest.
The orc priest is lightly wounded.
The orc hits you from afar with a +0 trident.
* * * LOW HITPOINT WARNING * * *
The orc priest barely misses you.
The orc priest hits you but does no damage.
You feel very mighty all of a sudden. The orc hits you but does no damage.
The orc priest hits you from afar with a +0 trident.
* * * LOW HITPOINT WARNING * * *
You block the orc priest's attack.
You barely miss the orc priest. You headbutt the orc priest.
The orc priest is moderately wounded.
You block the orc's attack.
The orc priest calls upon Beogh to heal the orc priest.
The orc priest's wounds heal themselves!
The orc priest barely misses you. The orc hits you but does no damage.
The orc priest barely misses you.
The orc priest begins to cast a cantrip, but forgets the words!
You closely miss the orc priest.
The orc priest invokes the aid of Beogh against you.
Pain shoots through your body!
* * * LOW HITPOINT WARNING * * *
The orc priest hits you but does no damage.
The orc hits you but does no damage.
You barely miss the orc priest. The orc hits you but does no damage.
The orc priest hits you from afar with a +0 trident.
You die...

# ####### #.# ##.....>.
##..$###........
###....# #.........
##....# #.........
##..########..?......
#..........#.†o......
..##............@)o.....
...>.<............o.....
...#...........##.......
...#...........# #######
..............##
...#..........#
...###......### ##
......### ...#...>


You could see 2 orc priests and an orc.

Vanquished Creatures
  A scorpion (D:3)
  An iguana (D:4)
  Natasha (twice) (D:2)
  2 orc wizards (D:3)
  Robin (D:2)
  3 adders (D:2)
  2 worms (D:3)
  A dart slug (D:2)
  4 orcs
  5 bats
  7 endoplasms
  5 giant cockroaches
  15 goblins
  4 hobgoblins
  6 kobolds
  2 quokkas
  13 ball pythons
  3 frilled lizards
  2 rats
79 creatures vanquished.

Notes
Turn   | Place    | Note
-------+----------+-------------------------------------------
     0 | D:1      | Citaku the Minotaur Fighter began the quest for the Orb.
     0 | D:1      | Reached XP level 1. HP: 19/19 MP: 0/0
   199 | D:1      | Found Ocvutraigu's Assorted Antiques.
   274 | D:1      | Reached XP level 2. HP: 27/27 MP: 1/1
   752 | D:2      | Reached XP level 3. HP: 32/33 MP: 2/2
   836 | D:2      | Found a glowing golden altar of the Shining One.
   841 | D:2      | Identified the +1 helmet of Dishonour {+Inv rF+ Int+3}
   841 | D:2      | Noticed Robin
   849 | D:2      | Killed Robin
   940 | D:2      | Reached XP level 4. HP: 40/40 MP: 3/3
  1276 | D:2      | Noticed Natasha
  1280 | D:2      | Killed Natasha
  1373 | D:2      | Noticed Natasha
  1380 | D:2      | Killed Natasha
  1381 | D:2      | Reached skill level 5 in Armour
  1381 | D:2      | Reached XP level 5. HP: 40/46 MP: 4/4
  1944 | D:3      | Reached XP level 6. HP: 52/53 MP: 5/5
  1951 | D:3      | Found Uproin's Book Emporium.
  2163 | D:4      | Reached skill level 5 in Axes
  2166 | D:4      | HP: 1/53 [orc priest/nerve-wracking pain (11)]
  2167 | D:4      | Slain by an orc priest

Illustrated notes

Levels and vault maps discovered:
D:1:      shiori_arrival_elements, layout_loops_ring, serial_shops, shop,
          minmay_quantized
D:2:      layout_basic, basic_altar, minmay_snake_closets, uniq_robin,
          uniq_natasha
D:3:      layout_loops_ring, serial_shops, nicolae_shop_window_shopping
D:4:      layout_rooms, mainiacjoe_overflow_concentric_impassable

Skill      XL: |  1  2  3  4  5  6 |
---------------+-------------------+-----
Armour         | 4 5 |  5.7
Axes           | 3 4 5 |  5.0
Shields        | 4 |  4.7
Fighting       | 4 |  4.6

Action                   |  1- 3 |  4- 6 || total
-------------------------+-------+-------++-------
Melee: War axe           |    54 |    85 ||   139
       Headbutt          |     5 |    15 ||    20
  Use: Potion            |       |     1 ||     1
Armor: Scale mail        |    19 |       ||    19
       Plate armour      |    29 |    50 ||    79
Dodge: Dodged            |    33 |    24 ||    57
Block: Buckler           |    17 |    22 ||    39

Table legend: (Time is in decaauts)
 A = Elapsed time spent in this place.
 B = Non-inter-level travel time spent in this place.
 C = Inter-level travel time spent in this place.
 D = Time resting spent in this place.
 E = Time spent auto-exploring this place.
 F = Levels seen in this place.
 G = Mean time per level.
                   A        B        C        D        E       F      G
               +--------+--------+--------+--------+--------+-----+--------+
         Total |   2214 |   2214 |      0 |      0 |   1520 |   4 |  553.5 |
       Dungeon |   2214 |   2214 |      0 |      0 |   1520 |   4 |  553.5 |
               +--------+--------+--------+--------+--------+-----+--------+

Top non-repeatable levels by time:
     D:2: 790 daAuts
     D:1: 726 daAuts
     D:3: 670 daAuts
     D:4: 28 daAuts
